 Dungeon Crawl Stone Soup version 0.20.1-1-g8b1a95d (webtiles) character file.

1708 asishallab the Thrower (level 8, 0/70 HPs)
             Began as a Troll Hunter on Dec 20, 2017.
             Was an Initiate of Fedhas.
             Slain by a two-headed ogre
             ... wielding a +0 giant spiked club
              (12 damage)
             ... on level 6 of the Dungeon.
             The game lasted 00:22:07 (5495 turns).

asishallab the Thrower (Troll Hunter)               Turns: 5495, Time: 00:22:09

Health: 0/70       AC:  7    Str: 21    XL:     8   Next: 73%
Magic:  11/11      EV: 10    Int:  7    God:    Fedhas [......]
Gold:   170        SH:  0    Dex: 12    Spells: 7/7 levels left

rFire    . . .     SeeInvis .   a - +2 dagger (flame)
rCold    . . .     Gourm    +   (no shield)
rNeg     . . .     Faith    .   e - +0 robe
rPois    .         Spirit   .   (helmet restricted)
rElec    .         Reflect  .   b - +1 cloak
rCorr    .         Harm     .   (gloves unavailable)
MR       .....                  (boots unavailable)
Stlth    ++........             t - amulet of rage
Regen    0.7/turn               (no ring)
MPRegen  0.2/turn               (no ring)

@: no status effects
A: unfitting armour, claws 3, fast metabolism 3, gourmand, regeneration 1,
shaggy fur 1, tough skin 2
a: Fungal Bloom, Renounce Religion, Evoke Berserk Rage


You were on level 6 of the Dungeon.
You worshipped Fedhas.
Fedhas was noncommittal.
You were completely stuffed.

You visited 1 branch of the dungeon, and saw 6 of its levels.
You also visited: Sewer.

You collected 170 gold pieces.

Inventory:

Hand Weapons
 a - a +2 dagger of flaming (weapon)
 k - a +0 short sword
 B - a +3 short sword of speed
Missiles
 o - 137 stones (quivered)
 z - a large rock
Armour
 b - a +1 cloak (worn)
 e - a +0 robe (worn)
Jewellery
 g - an uncursed ring of resist corrosion {unknown}
 l - an uncursed amulet of faith
 t - an amulet of rage (around neck)
Wands
 C - a wand of lightning (8/15)
Scrolls
 c - 4 scrolls of teleportation
 h - a scroll of magic mapping
 m - 3 scrolls of remove curse
 p - a scroll of enchant weapon {unknown}
 r - 3 scrolls of blinking
 v - a scroll of enchant armour {unknown}
 x - 5 scrolls of identify
 y - a scroll of fog {unknown}
 E - a scroll of summoning {unknown}
Potions
 d - 2 potions of flight
 i - 2 potions of brilliance
 j - 2 potions of curing
 q - a potion of resistance {unknown}
 s - a potion of lignification {unknown}
 u - 2 potions of heal wounds {unknown}
 w - 2 potions of haste {unknown}
 A - a potion of magic {unknown}
Comestibles
 f - 4 bread rations
 n - a meat ration
 D - 3 chunks of flesh


   Skills:
 - Level 1.5 Fighting
 + Level 9.0 Throwing
 - Level 1.5 Dodging
 - Level 1.1 Stealth
 + Level 5.9 Invocations


You had 7 spell levels left.
You didn't know any spells.

Dungeon Overview and Level Annotations

Branches:
Dungeon (6/15)
 Temple: D:4-7

Altars:
Ashenzari
Dithmenos
Fedhas
Makhleb
Vehumet
Zin


Innate Abilities, Weirdness & Mutations

You are too large for most types of armour.
You have claws for hands.
Your metabolism is lightning-fast.
You like to eat raw meat.
Your natural rate of healing is unusually fast.
You are covered in fur. (AC +1)
You have very tough skin. (AC +2)


Message History

Press: ? - help, Shift-Dir - straight line, f/p - two-headed ogre
Aim: a two-headed ogre, wielding a giant spiked club and a giant club (moderately wounded)
You throw a stone. The stone hits the two-headed ogre.
The two-headed ogre is moderately wounded.
Throwing (i - inventory. (,) - cycle):
o - 138 stones (quivered)
Press: ? - help, Shift-Dir - straight line, f/p - two-headed ogre
Aim: a two-headed ogre, wielding a giant spiked club and a giant club (moderately wounded)
You throw a stone. The stone hits the two-headed ogre.
The two-headed ogre is moderately wounded.
You hit the two-headed ogre. You burn the two-headed ogre.
The two-headed ogre is heavily wounded.
The two-headed ogre hits you with a giant spiked club!
The two-headed ogre hits you with a giant club!!
You hit the two-headed ogre. You burn the two-headed ogre.
The two-headed ogre is heavily wounded.
The two-headed ogre hits you with a giant spiked club!!
* * * LOW HITPOINT WARNING * * *
The two-headed ogre hits you with a giant club!
You die...
Fedhas appreciates your contribution to the ecosystem.

......)).....#.#### #
#######.#.####.# #
#.#.####.# # #.#......#
###.######## ### #
#..........# ##.## #
#.#..#####.# ##...## #
#.#..# ###.###.....## # #
#.#..###(((O@.......# .
#####.#..((.(#.###[....##
. .........#####.#
##...## #####.....# #.#
##.## # ##.........# #.#
# ##.######## #.# # #.#
##.## # #.# ##...## ##'##
##.###.# #


You could see a two-headed ogre.

Vanquished Creatures
  The ghost of Britaniac the Spear-Bearer, a novice DsBe of Trog (D:6)
  2 ogres
  8 big kobolds (Sewer)
  2 bullfrogs (D:6)
  2 howler monkeys
  A crimson imp (D:6)
  A hound (D:6)
  A bullfrog skeleton (D:5)
  An orc priest (D:5)
  Jessica (D:3)
  A worker ant (D:6)
  An orc wizard (D:6)
  A howler monkey skeleton (D:4)
  12 gnolls
  9 adders
  2 river rats (Sewer)
  An ooze (Sewer)
  5 dart slugs
  4 leopard geckos
  7 orcs
  2 giant cockroaches
  2 goblins
  6 hobgoblins
  13 kobolds
  A quokka (D:2)
  8 ball pythons
  2 bats
  A frilled lizard (D:3)
  11 rats
109 creatures vanquished.

Vanquished Creatures (others)
  2 toadstools (D:4)
2 creatures vanquished.

Grand Total: 111 creatures vanquished

Notes
Turn   | Place    | Note
-------+----------+-------------------------------------------
     0 | D:1      | asishallab the Troll Hunter began the quest for the Orb.
     0 | D:1      | Reached XP level 1. HP: 19/19 MP: 0/0
   125 | D:1      | Reached XP level 2. HP: 27/27 MP: 1/1
   201 | D:1      | Reached skill level 1 in Stealth
   297 | D:1      | Reached skill level 4 in Throwing
   463 | D:2      | Reached XP level 3. HP: 33/33 MP: 2/2
   741 | D:2      | Found a shattered altar of Ashenzari.
   935 | D:2      | Found a shadowy altar of Dithmenos.
   979 | D:2      | Reached XP level 4. HP: 41/41 MP: 3/3
   984 | D:2      | Reached skill level 5 in Throwing
  1557 | D:3      | Noticed Jessica
  1562 | D:3      | Killed Jessica
  1562 | D:3      | Reached XP level 5. HP: 48/48 MP: 4/4
  1876 | D:4      | Noticed an ogre
  1878 | D:4      | Killed an ogre
  1878 | D:4      | Reached skill level 6 in Throwing
  1891 | D:4      | Reached XP level 6. HP: 52/55 MP: 5/5
  2000 | D:4      | Found a blossoming altar of Fedhas.
  2083 | D:4      | Became a worshipper of Fedhas Madash
  2324 | D:4      | Reached skill level 1 in Invocations
  2647 | D:5      | Entered Level 5 of the Dungeon
  2964 | D:5      | Found a shadowy altar of Dithmenos.
  3167 | D:5      | Found a glowing drain.
  3177 | Sewer    | Entered a sewer
  3246 | Sewer    | Reached skill level 7 in Throwing
  3246 | Sewer    | Reached XP level 7. HP: 62/62 MP: 7/7
  3926 | Sewer    | Reached skill level 8 in Throwing
  3926 | Sewer    | Reached XP level 8. HP: 64/70 MP: 10/10
  4362 | D:6      | Found a burning altar of Makhleb.
  4362 | D:6      | Found a radiant altar of Vehumet.
  4748 | D:6      | Found a glowing silver altar of Zin.
  5157 | D:6      | Reached skill level 5 in Invocations
  5344 | D:6      | Noticed Britaniac's ghost (novice DsBe)
  5365 | D:6      | Killed Britaniac's ghost
  5386 | D:6      | Reached skill level 9 in Throwing
  5486 | D:6      | Noticed a two-headed ogre
  5495 | D:6      | Slain by a two-headed ogre

Skill      XL: |  1  2  3  4  5  6  7  8 |
---------------+-------------------------+-----
Stealth        | 1 |  1.1
Throwing       | 4 5 6 7 8 9 |  9.0
Invocations    | 2 4 5 |  5.9
Fighting       | |  1.5
Dodging        | |  1.5

Action                   |  1- 3 |  4- 6 |  7- 9 || total
-------------------------+-------+-------+-------++-------
Melee: Short sword       |    18 |   112 |    50 ||   180
       Dagger            |       |       |   182 ||   182
Throw: Large rock        |    36 |    49 |    11 ||    96
       Throwing net      |     1 |     1 |       ||     2
       Stone             |       |    29 |   148 ||   177
Invok: Fungal Bloom      |       |     2 |       ||     2
 Abil: Evoke Berserk Rag |       |       |     2 ||     2
  Use: Potion            |     4 |       |       ||     4
       Scroll            |     4 |     2 |       ||     6
 Stab: Sleeping          |     1 |       |       ||     1
  Eat: Chunk             |    11 |    25 |    19 ||    55
       Meat ration       |       |       |     1 ||     1
Armor: Robe              |     2 |    42 |    82 ||   126
Dodge: Dodged            |     5 |    64 |    74 ||   143
